 Dungeon Crawl Stone Soup version 0.24-a0-516-g9de272bb65 (webtiles) character file.

Game seed: 15358075477316585087

53 Azzok the Magician (level 3, -6/19 HPs)
             Began as a Deep Elf Earth Elementalist on July 21, 2019.
             Mangled by a centaur (9 damage)
             ... on level 3 of the Dungeon.
             The game lasted 00:01:40 (1780 turns).

Azzok the Magician (Deep Elf Earth Elementalist)    Turns: 1780, Time: 00:01:41

Health: -6/19      AC:  3    Str:  5    XL:     3   Next: 62%
Magic:  3/10       EV: 13    Int: 20    God:
Gold:   73         SH:  0    Dex: 15    Spells: 6/10 levels left

rFire    . . .     SeeInvis .   (no weapon)
rCold    . . .     Gourm    .   (no shield)
rNeg     . . .     Faith    .   c - +0 robe
rPois    .         Spirit   .   (no helmet)
rElec    .         Reflect  .   (no cloak)
rCorr    .         Harm     .   k - +0 pair of gloves
MR       .....                  (no boots)
Stlth    ++........             (no amulet)
HPRegen  0.06/turn              (no ring)
MPRegen  0.12/turn              (no ring)

@: no status effects
A: no striking features
a: no special abilities


You were on level 3 of the Dungeon.
You were very hungry.

You visited 1 branch of the dungeon, and saw 3 of its levels.

You collected 73 gold pieces.

Inventory:

Missiles
 b - 52 stones (quivered)
Armour
 c - a +0 robe (worn)
 k - a +0 pair of gloves (worn)
Scrolls
 e - 2 scrolls of identify {unknown}
 h - 2 scrolls of fear {unknown}
 n - 2 scrolls of remove curse {unknown}
 o - a scroll of teleportation {unknown}
Potions
 a - a potion of mutation {unknown}
 f - a potion of magic {unknown}
 g - a potion of heal wounds {unknown}
 i - 2 potions of flight {unknown}
 j - 2 potions of haste {unknown}
 l - a potion of curing {unknown}
 m - a potion of brilliance {unknown}
Comestibles
 d - 3 rations


   Skills:
 - Level 2.4 Dodging
 - Level 2.4 Stealth
 + Level 4.3 Spellcasting
 + Level 0.8 Conjurations
   Level 1.1 Transmutations
 + Level 4.2 Earth Magic


You had 6 spell levels left.
You knew the following spells:

 Your Spells              Type           Power        Failure   Level  Hunger
a - Sandblast             Erth           ###...       2%          1    None
b - Stone Arrow           Conj/Erth      ##....       13%         3    ###....

Your spell library contained the following spells:

 Spells                   Type           Power        Failure   Level  Hunger
 Passwall                 Tmut/Erth      ###.....     6%          2    #......
 Petrify                  Tmut/Erth      ###.....     38%         4    ####...
 Lee's Rapid Deconstruct  Erth           ###.......   52%         5    ######.


Dungeon Overview and Level Annotations

Branches:
Dungeon (3/15)

Altars:


Message History

The centaur closely misses you.
Casting: Sandblast (safe; 2% risk of failure)
Confirm with . or Enter, or press ? or * to list all spells.
Aiming: Sandblast (safe; 2% risk of failure)
Press: ? - help, Shift-Dir - straight line, f/p - centaur
Aim: a centaur (heavily wounded)
The blast of sand hits the centaur.
The centaur is heavily wounded.
b - 53 stones The centaur completely misses you.
Casting: Sandblast (safe; 2% risk of failure)
Confirm with . or Enter, or press ? or * to list all spells.
Aiming: Sandblast (safe; 2% risk of failure)
Press: ? - help, Shift-Dir - straight line, f/p - centaur
Aim: a centaur (heavily wounded)
The blast of sand hits the centaur!
The centaur is almost dead.
b - 52 stones The centaur hits you!
You die...

>· ▒··· ·
···▒··· ·▒
··▒···▒╬ ▒·▒▒
▒▒▒·····▒▒▒····
···············
·····8·········
·······l····▒
▒····c▒▒▒
╬▒···▒@·▒▒
▒···▒···▒
▒···▒▒·<▒ ▒····
▒▒▒▒ ······
····▒▒▒ ····


You could see a centaur and a leopard gecko.

Vanquished Creatures
  3 adders (D:2)
  A leopard gecko (D:2)
  An orc (D:2)
  A ball python (D:2)
  A goblin (D:2)
  2 hobgoblins (D:2)
  A quokka (D:2)
  2 bats (D:2)
  A frilled lizard (D:2)
  10 kobolds
  3 rats (D:2)
26 creatures vanquished.

Notes
Turn   | Place    | Note
-------+----------+-------------------------------------------
     0 | D:1      | Azzok the Deep Elf Earth Elementalist began the quest for
                  | the Orb.
     0 | D:1      | Reached XP level 1. HP: 10/10 MP: 6/6
   698 | D:2      | Reached XP level 2. HP: 15/15 MP: 3/8
   875 | D:2      | Reached XP level 3. HP: 19/19 MP: 6/10
   883 | D:2      | Learned a level 3 spell: Stone Arrow
  1772 | D:3      | Noticed a centaur
  1780 | D:3      | Mangled by a centaur

Levels and vault maps discovered:
D:1:      psy_arrival_statuary, layout_loops_ring
D:2:      layout_loops_ring
D:3:      layout_rooms, regret_index_temple_of_mockery, grunt_ministairs_6,
          minmay_liquid_box, uniq_robin

Skill      XL: |  1  2 |
---------------+-------+-----
Spellcasting   | 4 |  4.3
Earth Magic    | 4 |  4.2
Dodging        | |  2.4
Stealth        | |  2.4
Conjurations   | |  0.8
Transmutations | |  1.1

Action                   || total
-------------------------++-------
 Cast: Sandblast         ||    28
       Stone Arrow       ||    12
  Eat: Chunk             ||     2
Armor: Robe              ||     2
Dodge: Dodged            ||     8

Table legend:
 A = Non-vault XP
 B = Vault XP
 C = Vault XP percentage of total XP
 D = Non-vault monster count
 E = Vault monster count
 F = Vault count percentage of total count
                 A         B        C        D         E       F
            +---------+---------+-------+---------+---------+-------
      Total |      75 |       1 |   1.3 |      25 |       1 |   3.8
            +---------+---------+-------+---------+---------+-------
        D:1 |       4 |       0 |   0.0 |       3 |       0 |   0.0
        D:2 |      71 |       0 |   0.0 |      22 |       0 |   0.0
        D:3 |       0 |       1 | 100.0 |       0 |       1 | 100.0
            +---------+---------+-------+---------+---------+-------
